 Dungeon Crawl Stone Soup version 0.28-a0-1506-g3893175d92 (webtiles) character file.

Game seed: 9721677305839432603

208 Grim the Cudgeller (level 5, -8/67 HPs)
             Began as a Minotaur Berserker on Jan 14, 2022.
             Was a Believer of Trog.
             Killed by divine providence
             ... invoked by an orc priest
              (14 damage)
             ... on level 4 of the Dungeon.
             The game lasted 00:04:47 (3608 turns).

Grim the Cudgeller (Minotaur Berserker)             Turns: 3608, Time: 00:04:48

Health: -8/67      AC:  3    Str: 21    XL:     5   Next: 55%
Magic:  4/4        EV: 11    Int:  6    God:    Trog [**....]
Gold:   77         SH:  5    Dex: 10    Spells: 4/4 levels left

rFire   . . .      SeeInvis .   a - +0 mace
rCold   . . .      Faith    .   (no shield)
rNeg    . . .      Spirit   .   u - +0 leather armour
rPois   +          Reflect  +   (helmet restricted)
rElec   .          Harm     .   (no cloak)
rCorr   .          Rampage  .   (no gloves)
Will    .....                   (no boots)
Stlth   ..........              v - amulet of reflection
HPRegen 0.21/turn               r - ring of poison resistance
MPRegen 0.09/turn               (no ring)

@: berserking, very quick
A: horns 2, retaliatory headbutt
a: Renounce Religion, Berserk, Trog's Hand


You were on level 4 of the Dungeon.
You worshipped Trog.
Trog was pleased with you.
You visited 1 branch of the dungeon, and saw 4 of its levels.

You collected 77 gold pieces.

Inventory:

Hand Weapons
 a - a +0 mace (weapon)
Missiles
 c - a boomerang (quivered)
 f - 104 stones
 j - 3 poisoned darts
Armour
 b - a +0 animal skin
 u - a +0 leather armour (worn)
Jewellery
 r - a ring of poison resistance (left hand)
 v - an amulet of reflection (around neck)
 x - a ring of protection from cold
Scrolls
 e - a scroll of fear {unknown}
 h - 2 scrolls of amnesia {unknown}
 k - 3 scrolls of vulnerability {unknown}
 l - 3 scrolls of teleportation {unknown}
 m - 4 scrolls of identify {unknown}
 o - a scroll of summoning {unknown}
 p - a scroll of noise {unknown}
 q - a scroll of brand weapon {unknown}
 s - a scroll of magic mapping {unknown}
Potions
 d - 3 potions of attraction {unknown}
 g - a potion of might {unknown}
 i - a potion of brilliance {unknown}
 n - a potion of curing {unknown}
 t - 3 potions of heal wounds {unknown}
 w - a potion of haste {unknown}
 z - a potion of ambrosia {unknown}
 A - a potion of mutation {unknown}


   Skills:
 - Level 3.6 Fighting
 + Level 7.6 Maces & Flails
 - Level 2.4 Armour
 - Level 2.1 Dodging


You had 4 spell levels left.
You didn't know any spells.
Your spell library was empty.

Dungeon Overview and Level Annotations

Branches:
Dungeon (4/15)
 Temple: D:4-7

Altars:

Shops:
D:1 *


Innate Abilities, Weirdness & Mutations

You have a pair of horns on your head.
You reflexively headbutt those who attack you in melee.


Message History

The puff of flame hits you.
The orc priest mumbles some strange prayers to Beogh against you.
Beogh smites you!
* * * LOW HITPOINT WARNING * * *
You bump into the rock wall.
You hear some strange, mumbled words.
A magic dart appears from out of thin air!
The magic dart hits you!
* * * LOW HITPOINT WARNING * * *
You feel less confused. Something hits you.
* * * LOW HITPOINT WARNING * * *
You block something's attack.
A red film seems to cover your vision as you go berserk!
You feel yourself moving faster!
You feel mighty! The hobgoblin closely misses you.
The orc priest mumbles some strange prayers to Beogh against you.
Pain shoots through your body!
* * * LOW HITPOINT WARNING * * *
Something hits you.
* * * LOW HITPOINT WARNING * * *
You miss something. Your headbutt misses something. The hobgoblin hits you.
* * * LOW HITPOINT WARNING * * *
Unknown command.
You miss something.
You hear some strange, mumbled words.
A puff of flame appears from out of thin air!
The puff of flame hits you!
* * * LOW HITPOINT WARNING * * *
The orc priest barely misses you. You furiously retaliate!
You headbutt the orc priest! The hobgoblin hits you.
* * * LOW HITPOINT WARNING * * *
You bludgeon something!! Trog accepts your kill.
Trog appreciates your killing of a magic user.
Reactivating autopickup.
You feel a bit more experienced.
The orc priest invokes the aid of Beogh against you.
Beogh smites you!
You die...

..>#.# #####)##.#
#.....##.#
+.....##.#
#.....##.########
#...............#
#...............#
####...o)g......#
#...(@.......#
##+##'########
#.# #.##.# #
#.##.# #. #.##.#
#.# #.##†#
#..##.##.#
.....##.#


You could see an orc priest and a hobgoblin.

Vanquished Creatures
  The ghost of fairyof the Shield-Bearer, an amateur GrFi (D:3)
  An orc wizard (D:4)
  6 adders
  3 worms
  A dart slug (D:2)
  2 orcs (D:3)
  6 endoplasms
  4 giant cockroaches
  5 goblins
  9 hobgoblins
  4 jackals
  3 quokkas
  5 ball pythons
  8 bats
  3 frilled lizards
  2 kobolds
  2 rats
65 creatures vanquished.

Notes
Turn   | Place    | Note
-------+----------+-------------------------------------------
     0 | D:1      | Grim the Minotaur Berserker began the quest for the Orb.
     0 | D:1      | Reached XP level 1. HP: 19/19 MP: 0/0
   243 | D:1      | Reached skill level 4 in Maces & Flails
   512 | D:1      | Reached XP level 2. HP: 26/26 MP: 1/1
   524 | D:1      | Found Jumyar's Assorted Antiques.
   807 | D:1      | Found a faded altar of an unknown god.
   809 | D:1      | Noticed a golden eye
   809 | D:1      | Noticed a floating eye
   810 | D:1      | Noticed an eye of devastation
   810 | D:1      | Noticed a great orb of eyes
  1540 | D:2      | Reached skill level 5 in Maces & Flails
  1635 | D:2      | Reached XP level 3. HP: 31/31 MP: 2/2
  1716 | D:2      | Reached ** piety under Trog
  2270 | D:2      | Reached skill level 6 in Maces & Flails
  2270 | D:2      | Reached XP level 4. HP: 39/39 MP: 3/3
  3254 | D:3      | Found a large runed translucent door.
  3254 | D:3      | Found a large runed translucent door.
  3256 | D:3      | Noticed fairyof's ghost (amateur GrFi)
  3267 | D:3      | Killed fairyof's ghost
  3268 | D:3      | Reached skill level 7 in Maces & Flails
  3268 | D:3      | Reached XP level 5. HP: 45/45 MP: 4/4
  3608 | D:4      | Killed from afar by an orc priest

Illustrated notes

Levels and vault maps discovered:
D:1:      dpeg_arrival_brainrot, layout_basic,
          hellmonk_ecumenical_altar_watching_god, serial_shops, shop
D:2:      layout_loops_ring
D:3:      layout_loops_ring, ebering_ghost_disaster_area,
          chequers_serial_rivers_micro_d, minmay_shallow_snake_nest
D:4:      layout_basic, grunt_ministairs_3

Skill      XL: |  1  2  3  4 |
---------------+-------------+-----
Maces & Flails | 4 5 6 7 |  7.6
Fighting       | |  3.6
Armour         | |  2.4
Dodging        | |  2.1

Action                   |  1- 3 |  4- 6 || total
-------------------------+-------+-------++-------
Melee: Mace              |    86 |    60 ||   146
       Headbutt          |     4 |    11 ||    15
       Punch             |     1 |     1 ||     2
Throw: Boomerang         |     7 |    15 ||    22
Invok: Berserk           |     2 |     3 ||     5
 Stab: Sleeping          |       |     1 ||     1
Armor: Animal skin       |    17 |     4 ||    21
       Leather armour    |       |     7 ||     7
Dodge: Dodged            |    57 |    25 ||    82
Block: Other             |       |     2 ||     2

Table legend: (Time is in decaauts)
 A = Elapsed time spent in this place.
 B = Non-inter-level travel time spent in this place.
 C = Inter-level travel time spent in this place.
 D = Time resting spent in this place.
 E = Time spent auto-exploring this place.
 F = Levels seen in this place.
 G = Mean time per level.
                   A        B        C        D        E       F      G
               +--------+--------+--------+--------+--------+-----+--------+
         Total |   3665 |   3579 |     86 |    765 |   2384 |   4 |  916.2 |
       Dungeon |   3665 |   3579 |     86 |    765 |   2384 |   4 |  916.2 |
               +--------+--------+--------+--------+--------+-----+--------+

Top non-repeatable levels by time:
     D:1: 1506 daAuts
     D:3: 1078 daAuts
     D:2: 990 daAuts
     D:4: 89 daAuts
